 Dungeon Crawl Stone Soup version 0.30-a0-393-g54b8e3be05 (webtiles) character file.

Game seed: 4703782351612793463

553 lunkers the Cruncher (level 7, -3/55 HPs)
             Began as a Meteoran Gladiator on Dec 5, 2022.
             Succumbed to Duvessa's poison
             ... on level 5 of the Dungeon.
             The game lasted 00:04:54 (1521 turns).

lunkers the Cruncher (Meteoran Gladiator)           Turns: 1521, Time: 00:04:55

Health: -3/55      AC:  9    Str: 18    XL:     7   Next: 86%
Magic:  8/8        EV: 11    Int:  9    God:
Gold:   204        SH:  0    Dex: 16    Spells: 6/6 levels left

rFire   . . .      SeeInvis .    m - +2 quarterstaff (vorpal)
rCold   . . .      Faith    .    (shield currently unavailable)
rNeg    . . .      Spirit   .    z - +2 scale mail {Will+}
rPois   .          Reflect  .    c - +0 helmet
rElec   .          Harm     .    (no cloak)
rCorr   .          Rampage  .    (no gloves)
Will    +....                    (no boots)
Stlth   ..........               (no amulet)
HPRegen 0.29/turn                (no ring)
MPRegen 0.11/turn                (no ring)

@: mighty, lethally poisoned (-3 -> -28), attractive, glowing
A: sense surroundings 1, otherworldly, glowing, explore regen
a: no special abilities


You were on level 5 of the Dungeon.
You visited 1 branch of the dungeon, and saw 6 of its levels.

You collected 204 gold pieces.

Inventory:

Hand Weapons
 a - a +0 quarterstaff
 m - a +2 vorpal quarterstaff (weapon)
 y - the +6 hand axe "Ciosio" {antimagic, rN+}
   (You found it on level 4 of the Dungeon)

   It reduces the magical energy of the wielder, and disrupts the spells and
   magical abilities of those it strikes.
   Natural abilities and divine invocations are not affected.
   rN:        It protects you from negative energy.
Missiles
 d - 3 throwing nets
 e - a javelin
Armour
 b - a +0 leather armour
 c - a +0 helmet (worn)
 z - a +2 scale mail of willpower (worn)
Wands
 q - a wand of iceblast (10)
 v - a wand of polymorph (10)
Scrolls
 f - a scroll of silence {unknown}
 g - a scroll of immolation {unknown}
 h - 2 scrolls of identify {unknown}
 j - 2 scrolls of amnesia {unknown}
 k - a scroll of teleportation {unknown}
 l - 2 scrolls of vulnerability {unknown}
 p - 2 scrolls of enchant weapon {unknown}
 t - a scroll of butterflies {unknown}
 w - a scroll of magic mapping {unknown}
Potions
 o - a potion of lignification {unknown}
 r - a potion of brilliance {unknown}
 s - a potion of curing {unknown}
 u - a potion of degeneration {unknown}
 x - a potion of magic {unknown}
 A - a potion of heal wounds {unknown}


   Skills:
 - Level 2.1 Fighting
 + Level 9.8 Staves
 - Level 2.4 Throwing
 - Level 3.6 Dodging


You had 6 spell levels left.
You didn't know any spells.
Your spell library was empty.

Dungeon Overview and Level Annotations

Branches:
Dungeon (6/15) Zot: 2086
 Temple: D:4-7

Altars:
The Shining One

Annotations:
D:5 Dowan, Duvessa
D:6 Edmund


Innate Abilities, Weirdness & Mutations

You passively map a small area around you.
You are easily found by Zot.
You glow in the dark.
You regain HP and MP as you explore.


Message History

You feel sick. Duvessa hits you but does no damage.
You are more poisoned.
You barely miss Duvessa.
Duvessa is moderately wounded.
You feel very sick.
Duvessa hits you with a +2 rapier of venom.
You are more poisoned.
Dowan gestures wildly while chanting.
Dowan blinks!
You barely miss Duvessa.
Duvessa is moderately wounded.
You feel very sick.
Unknown command.
You sock Duvessa!
Duvessa is severely wounded.
You feel very sick.
Duvessa hits you with a +2 rapier of venom.
* * * LOW HITPOINT WARNING * * *
You hit Duvessa but do no damage.
Duvessa is severely wounded.
You feel very sick.
Duvessa hits you with a +2 rapier of venom!
* * * LOW HITPOINT WARNING * * *
You are lethally poisoned!
You closely miss Duvessa.
Duvessa is severely wounded.
* * * LOW HITPOINT WARNING * * *
You feel very sick.
Duvessa hits you with a +2 rapier of venom.
* * * LOW HITPOINT WARNING * * *
You are more poisoned.
It was a potion of attraction.
You feel attractive to monsters.
* * * LOW HITPOINT WARNING * * *
You feel very sick. Duvessa hits you but does no damage.
You are more poisoned.
It was a potion of might.
You feel very mighty all of a sudden.
You die...

,
###.####......##
#...# #..###... ,
##.### ##....###.
#..# #..##...## ,
#.## #.##*##... *
##.# #.# #..# * *
#..# ##.# ##..# *
#.## #..# ##....
#@# #.####..##.
#e# #.##...#### ,
.e..[..e#
#)#..### *
......... #...##
, ..........
*#..### ,
,...............#
...........##.##
..............
,...........###


You could see Duvessa and Dowan.

Vanquished Creatures
  A black bear (D:5)
  A centaur (D:5)
  A scorpion (D:5)
  A jelly (D:3)
  A gnoll bouda (D:6)
  3 iguanas
  Ijyb (D:5)
  4 adders
  7 gnolls
  A worm (D:3)
  2 orcs
  3 ball pythons
  7 endoplasms
  4 giant cockroaches
  5 goblins
  A hobgoblin (D:3)
  11 jackals
  6 kobolds
  3 quokkas
  6 bats
  A frilled lizard (D:2)
  A rat (D:1)
71 creatures vanquished.

Notes
Turn   | Place    | Note
-------+----------+-------------------------------------------
     0 | D:1      | lunkers the Meteoran Gladiator began the quest for the Orb.
     0 | D:1      | Reached XP level 1. HP: 17/17 MP: 2/2
   101 | D:1      | Reached skill level 4 in Staves
   101 | D:1      | Reached XP level 2. HP: 24/24 MP: 3/3
   408 | D:2      | Reached XP level 3. HP: 21/29 MP: 4/4
   471 | D:3      | Found a faded altar of an unknown god.
   477 | D:3      | Reached skill level 5 in Staves
   535 | D:3      | Reached XP level 4. HP: 18/36 MP: 5/5
   556 | D:3      | Reached skill level 6 in Staves
   700 | D:3      | Reached XP level 5. HP: 41/41 MP: 6/6
   906 | D:4      | Identified the +6 hand axe "Ciosio" {antimagic, rN+}
   953 | D:4      | Reached skill level 7 in Staves
  1035 | D:4      | Reached XP level 6. HP: 44/48 MP: 7/7
  1158 | D:5      | Entered Level 5 of the Dungeon
  1165 | D:5      | Noticed Ijyb
  1181 | D:5      | Killed Ijyb
  1214 | D:5      | Found a glowing golden altar of the Shining One.
  1227 | D:5      | Noticed a black bear
  1232 | D:5      | Killed a black bear
  1233 | D:5      | Reached skill level 8 in Staves
  1296 | D:5      | Noticed a centaur
  1306 | D:5      | Killed a centaur
  1307 | D:5      | Reached XP level 7. HP: 35/55 MP: 8/8
  1336 | D:5      | Reached skill level 9 in Staves
  1473 | D:6      | Noticed Edmund
  1503 | D:5      | Noticed Duvessa
  1504 | D:5      | Noticed Dowan
  1521 | D:5      | Succumbed to Duvessa's poison

Illustrated notes

Levels and vault maps discovered:
D:1:      dpeg_arrival_radiant, layout_loops_ring, minivault_26,
          hangedman_decor_riveting
D:2:      layout_rooms, chequers_serial_rivers_large_a, uniq_crazy_yiuf_cottage
D:3:      layout_basic, ebering_ecumenical_altar_webs, uniq_sigmund
D:4:      layout_loops_ring, kennysheep_little_box, trog_wizard,
          kennysheep_decorative_pillar
D:5:      layout_rooms, tso_metal_star, dk_noncrumbling_3, uniq_ijyb,
          uniq_duvessa
D:6:      layout_basic, nemelex_diamond_rough_becter,
          minmay_temple_entry_from_below_a, serial_shops, nicolae_square_shop,
          uniq_edmund

Skill      XL: |  1  2  3  4  5  6  7 |
---------------+----------------------+-----
Staves         | 4 5 6 7 8 9 |  9.8
Fighting       | |  2.1
Throwing       | |  2.4
Dodging        | |  3.6

Action                   |  1- 3 |  4- 6 |  7- 9 || total
-------------------------+-------+-------+-------++-------
Melee: Quarterstaff      |    61 |    98 |    40 ||   199
  Use: Potion            |       |       |     2 ||     2
Armor: Leather armour    |    33 |    16 |       ||    49
       Scale mail        |       |    16 |    12 ||    28
Dodge: Dodged            |    41 |    39 |    19 ||    99

Table legend: (Time is in decaauts)
 A = Elapsed time spent in this place.
 B = Non-inter-level travel time spent in this place.
 C = Inter-level travel time spent in this place.
 D = Time resting spent in this place.
 E = Time spent auto-exploring this place.
 F = Levels seen in this place.
 G = Mean time per level.
                   A        B        C        D        E       F      G
               +--------+--------+--------+--------+--------+-----+--------+
         Total |   1514 |   1407 |    107 |      0 |    888 |   6 |  252.3 |
       Dungeon |   1514 |   1407 |    107 |      0 |    888 |   6 |  252.3 |
               +--------+--------+--------+--------+--------+-----+--------+

Top non-repeatable levels by time:
     D:1: 356 daAuts
     D:3: 341 daAuts
     D:5: 325 daAuts
     D:4: 288 daAuts
     D:2: 173 daAuts
     D:6: 28 daAuts
